 Dungeon Crawl Stone Soup version 0.19-a0-1886-gd64a0f0 (webtiles) character file.

203 tb0li the Magician (level 5, -5/28 HPs)
             Began as a Deep Elf Conjurer on Oct 15, 2016.
             Slain by a howler monkey (8 damage)
             ... on level 4 of the Dungeon.
             The game lasted 00:09:41 (2560 turns).

tb0li the Magician (Deep Elf Conjurer)              Turns: 2560, Time: 00:09:42

Health: -5/28      AC:  3    Str:  5    XL:     5   Next: 51%
Magic:  0/15       EV: 13    Int: 21    God:
Gold:   196        SH:  0    Dex: 15    Spells: 1 memorised, 15 levels left

rFire  + . .     SeeInvis .     r - +3 dagger
rCold  . . .     Gourm    .     a - +0 robe
rNeg   . . .     Faith    .     (no shield)
rPois  .         Spirit   .     (no helmet)
rElec  .         Dismiss  .     (no cloak)
rCorr  .         Reflect  .     f - +0 pair of gloves
MR     .....     Harm     .     (no boots)
Stlth  ++........               n - amulet of magic regeneration
                                (no ring)
                                v - ring of protection from fire

@: no status effects
A: no striking features
a: no special abilities


You were on level 4 of the Dungeon.
You were not hungry.

You visited 1 branch of the dungeon, and saw 4 of its levels.

You collected 196 gold pieces.

Inventory:

Hand Weapons
 r - a +3 dagger (weapon)
Missiles
 w - 17 poisoned needles
Armour
 a - a +0 robe (worn)
 f - a +0 pair of gloves (worn)
 t - a cursed +0 ring mail
Jewellery
 n - an amulet of magic regeneration (around neck)
 v - a ring of protection from fire (left hand)
Wands
 z - a wand of iceblast (4/15)
Scrolls
 e - a scroll of fear {unknown}
 m - 2 scrolls of random uselessness {unknown}
 o - 4 scrolls of identify {unknown}
 p - 3 scrolls of teleportation {unknown}
 s - a scroll of immolation {unknown}
 y - 2 scrolls of remove curse {unknown}
Potions
 g - a potion of cure mutation {unknown}
 i - a potion of might {unknown}
 j - a potion of agility {unknown}
 k - a potion of cancellation {unknown}
 l - a potion of berserk rage {unknown}
 u - a potion of heal wounds {unknown}
 x - a potion of curing {unknown}
Books
 b - a book of Conjurations

   Spells                             Type                      Level
   a - Magic Dart                     Conjuration                  1
   b - Searing Ray                    Conjuration                  2
   c - Dazzling Spray                 Conjuration/Hexes            3
   d - Fulminant Prism                Conjuration/Hexes            4
   e - Iskenderun's Mystic Blast      Conjuration                  4
   f - Iskenderun's Battlesphere      Conjuration/Charms           5
Comestibles
 c - 2 bread rations
 d - a chunk of flesh
 h - a meat ration
 q - a beef jerky


   Skills:
 - Level 2.4 Dodging
 - Level 2.4 Stealth
 - Level 6.0 Spellcasting
 + Level 6.0 Conjurations


You had 15 spell levels left.
You knew the following spells:

 Your Spells              Type           Power        Failure   Level  Hunger
a - Magic Dart            Conj           ####         1%          1    None


Dungeon Overview and Level Annotations

Branches:
Dungeon (4/15)
 Temple: D:4-7

Altars:
The Shining One

Annotations:
D:3 rgaf's ghost, amateur HEIE


Message History

* * * LOW HITPOINT WARNING * * *
The orc completely misses you. The howler monkey misses you.
Casting: Magic Dart
Confirm with . or Enter, or press ? or * to list all spells.
Aiming: Magic Dart
Press: ? - help, Shift-Dir - straight line, f/p - orc
Aim: an orc, wearing a ring mail (almost dead)
The magic dart hits the orc.
The orc is almost dead.
The orc misses you. The orc hits you with a mace.
* * * LOW HITPOINT WARNING * * *
The howler monkey hits you but does no damage.
Casting: Magic Dart
Confirm with . or Enter, or press ? or * to list all spells.
You don't have enough magic to cast that spell.
You hit the orc but do no damage.
The orc is almost dead.
The orc hits you but does no damage. The orc misses you.
The howler monkey hits you!
You die...

. ..## ## ..## .##
...## .. #..## . #oh# #
#o@# # #.## # #.##
######### # #..##
##.......## ##
##..###...###...###.
##..##..## ##......
##......####....##
#..#####...##.....[...#
#..........#####..##..#


You could see a howler monkey and 2 orcs.

Vanquished Creatures
  An orc priest (D:3)
  An orc wizard (D:4)
  An iguana (D:3)
  5 adders
  A worm (D:2)
  2 dart slugs
  3 orcs
  5 bats
  4 giant cockroaches
  9 goblins
  8 hobgoblins
  3 jackals
  A ball python (D:2)
  5 frilled lizards
  12 kobolds
  3 rats
64 creatures vanquished.

Notes
Turn   | Place    | Note
-------+----------+-------------------------------------------
     0 | D:1      | tb0li the Deep Elf Conjurer began the quest for the Orb.
     0 | D:1      | Reached XP level 1. HP: 10/10 MP: 6/6
    85 | D:1      | Reached XP level 2. HP: 15/15 MP: 0/9
   730 | D:2      | Reached XP level 3. HP: 19/19 MP: 9/11
   798 | D:2      | Reached skill level 5 in Spellcasting
  1017 | D:2      | Reached XP level 4. HP: 24/24 MP: 11/13
  1557 | D:2      | Found a glowing golden altar of the Shining One.
  1838 | D:3      | Reached skill level 5 in Conjurations
  1844 | D:3      | Reached XP level 5. HP: 12/28 MP: 1/15
  2373 | D:3      | Noticed rgaf's ghost (amateur HEIE)
  2560 | D:4      | Slain by a howler monkey

Vault maps used:
D:1:      saegor_arrival_simple_e, minmay_strange_pillars, st_stairs_12,
          minivault_24
D:2:      first_bread, minmay_crystal_room, tso_altar
D:3:      gammafunk_temple_overflow_elements, serial_bayou,
          serial_bayou_crossing, serial_bayou_ford_a, serial_bayou_lake_a,
          serial_bayou_pond_a, fedhas_altar_3
D:4:      uniq_menkaure, uniq_edmund, uniq_blork_the_orc

Skill      XL: |  1  2  3  4  5 |
---------------+----------------+-----
Spellcasting   | 4 5 6 |  6.0
Conjurations   | 5 6 |  6.0
Dodging        | |  2.4
Stealth        | |  2.4

Action                   |  1- 3 |  4- 6 || total
-------------------------+-------+-------++-------
Melee: Dagger            |     4 |     1 ||     5
 Cast: Magic Dart        |    60 |    99 ||   159
  Eat: Chunk             |       |     5 ||     5
Armor: Robe              |     3 |     4 ||     7
Dodge: Dodged            |     6 |    38 ||    44
